 Dungeon Crawl Stone Soup version 0.30.0-5-g1a98f26d00 (webtiles) character file.

Game seed: 18436506565704181147

129 McKennaii the Conjurer (level 4, -7/33 HPs)
             Began as a Demigod Conjurer on May 9, 2023.
             Blown up by Ijyb (18 damage)
             ... with a mindburst bolt
             ... on level 3 of the Dungeon.
             The game lasted 00:02:05 (2700 turns).

McKennaii the Conjurer (Demigod Conjurer)           Turns: 2700, Time: 00:02:06

Health: -7/33      AC:  2    Str:  8    XL:     4   Next: 58%
Magic:  5/11       EV: 12    Int: 24    God:
Gold:   55         SH:  0    Dex: 12    Spells: 6/9 levels left

rFire   + . .        (no weapon)
rCold   . . .        (no shield)
rNeg    . . .        a - +0 robe
rPois   .            (no helmet)
rElec   .            (no cloak)
rCorr   .            (no gloves)
SInv    .            (no boots)
Will    .....        (no amulet)
Stlth   ++           m - ring of protection from fire
HPRegen 0.25/turn    (no ring)
MPRegen 0.12/turn

%: no passive effects
@: no status effects
A: high MP 1, forlorn, divine attributes
a: no special abilities


You were on level 3 of the Dungeon.
You visited 1 branch of the dungeon, and saw 3 of its levels.

You collected 91 gold pieces.
You spent 36 gold pieces at shops.

Inventory:

Armour
 a - a +0 robe (worn)
Jewellery
 m - a ring of protection from fire (left hand)
Wands
 j - a wand of digging (2)
Scrolls
 f - a scroll of magic mapping {unknown}
 g - 2 scrolls of teleportation
 i - a scroll of fog {unknown}
 k - 2 scrolls of amnesia {unknown}
 n - a scroll of blinking {unknown}
 p - a scroll of vulnerability {unknown}
Potions
 b - a potion of magic
 c - a potion of degeneration {unknown}
 d - 2 potions of cancellation {unknown}
 e - 3 potions of curing {unknown}
 h - 2 potions of berserk rage {unknown}
 l - a potion of invisibility {unknown}
 o - a potion of might {unknown}
 q - 3 potions of lignification {unknown}


   Skills:
 - Level 1.7 Dodging
 - Level 1.7 Stealth
 + Level 3.3 Spellcasting
 + Level 4.7 Conjurations


You had 6 spell levels left.
You knew the following spells:

 Your Spells              Type           Power      Damage    Failure   Level
a - Magic Dart            Conj           100%       1d8       1%          1
b - Searing Ray           Conj           52%        2d6       2%          2

Your spell library contained the following spells:

 Spells                   Type           Power      Damage    Failure   Level
 Sting                    Tmut/Pois      12%        1d3       11%         1
 Dazzling Flash           Conj/Hex       30%        N/A       12%         3
 Poisonous Vapours        Pois/Air       6%         N/A       16%         2
 Fulminant Prism          Conj/Hex       7%         3d7       36%         4
 Iskenderun's Mystic Bla  Conj/Tloc      15%        2d5       36%         4
 Manifold Assault         Tloc           3%         N/A       71%         4
 Olgreb's Toxic Radiance  Pois           3%         N/A       71%         4
 Dispersal                Tloc           1%         N/A       100%        6
 Disjunction              Tloc           1%         N/A       100%        8


Dungeon Overview and Level Annotations

Branches:
Dungeon (3/15)

Shops:
D:1 (?

Annotations:
D:3 Ijyb


Innate Abilities, Weirdness & Mutations

You have an increased reservoir of magic. (+10% MP)
You shall have no god before yourself.
Your divine heritage dramatically boosts your attributes as you level up.


Message History

There is an open door here.
You now have 51 gold pieces (gained 10).
q - 3 fizzy sapphire potions You can't see any susceptible monsters within range! (Use Z to cast anyway.)
Found 4 stones.
You can't see any susceptible monsters within range! (Use Z to cast anyway.)
You now have 55 gold pieces (gained 4).
Ijyb the Twisted Goblin comes into view.
She is wielding a +0 club and carrying a wand of mindburst (13).
Ijyb shouts!
Ijyb screams, "I cut your head off!"
Ijyb is nearby!
The magic dart hits Ijyb but does no damage.
Ijyb is nearby!
The magic dart hits Ijyb but does no damage.
Ijyb zaps a wand.
Your mind is blasted!
The magic dart hits Ijyb.
Ijyb is lightly wounded.
Unknown command.
Casting: Magic Dart (safe; 1% risk of failure)
Confirm with . or Enter, or press ? or * to list all spells.
Aiming: Searing Ray (safe; 2% risk of failure)
Press: ? - help, Shift-Dir - straight line, f/p - Ijyb
Aim: Ijyb, wielding a +0 club, wearing a +0 chain mail and carrying a wand of mindburst (12) (lightly wounded, 79% to hit)
The searing ray hits Ijyb but does no damage.
Ijyb is lightly wounded. (Press . to maintain the ray.)
The searing ray misses Ijyb.
The searing ray hits Ijyb but does no damage.
Ijyb is lightly wounded.
Ijyb zaps a wand.
Your mind is blasted!
Ouch! That really hurt!
* * * LOW HITPOINT WARNING * * *
The searing ray misses Ijyb.
You finish channelling your searing ray.
Ijyb zaps a wand.
You barely resist.
Okay, then.
Ijyb zaps a wand.
You barely resist.
Ijyb zaps a wand.
Your mind is blasted!
Ouch! That really hurt!
You die...

#.###.# #. ##.#..# #.# ##.#.#
#.... ###.# ##+# #.#.# #.# ##...
# #.#.# #.# ##.... .(###.#.##
##.## ##.....
.........###########...####......
................@.........'...†..
.###......g...#####...####......
#...######.# ##...## ##.....
#..##### #.# #.....# ##....
#......# #.# ##...## ##...
##.###.# #.# ##.## ##+# #.# .#
#.# #.# #.# #.# .# #.######.###
#.# #.. .. #.......# ##.#


You could see Ijyb.

Vanquished Creatures
  5 adders
  3 gnolls (D:2)
  3 dart slugs (D:1)
  2 endoplasms (D:1)
  3 giant cockroaches
  5 hobgoblins
  7 jackals
  5 kobolds
  A quokka (D:1)
  4 ball pythons
  A bat (D:1)
  5 frilled lizards
  2 goblins (D:2)
  3 rats (D:1)
49 creatures vanquished.

Notes
Turn   | Place    | Note
-------+----------+-------------------------------------------
     0 | D:1      | McKennaii the Demigod Conjurer began the quest for the Orb.
     0 | D:1      | Reached XP level 1. HP: 14/14 MP: 5/5
   105 | D:1      | Found Dynaemy's Weapon Boutique.
   324 | D:1      | Reached XP level 2. HP: 20/20 MP: 0/7
   642 | D:1      | Reached skill level 4 in Conjurations
   901 | D:1      | Reached XP level 3. HP: 26/26 MP: 5/9
  1241 | D:1      | Found Torr's Magic Scroll Shoppe.
  1247 | D:1      | Bought a scroll of teleportation for 36 gold pieces
  1396 | D:2      | Learned a level 2 spell: Searing Ray
  1764 | D:2      | Reached XP level 4. HP: 33/33 MP: 4/11
  2679 | D:3      | Noticed Ijyb
  2700 | D:3      | Blown up by Ijyb

Illustrated notes

Levels and vault maps discovered:
D:1:      dpeg_arrival_stone_temple_mockup, layout_basic, serial_shops,
          nicolae_shop_pleasant_corner_grove, shop, minmay_misc_feat_roman
D:2:      layout_basic, nicolae_ecumenical_snake_handling, serial_rivers,
          chequers_serial_rivers_room_b, chequers_serial_rivers_small_3,
          chequers_serial_rivers_small_b, chequers_serial_rivers_micro_b,
          minmay_pentomino_w2
D:3:      layout_loops_corners, mainiacjoe_overflow_six_doors_small,
          roderic_serpentine_path, uniq_ijyb, uniq_crazy_yiuf_cottage

Skill      XL: |  1  2  3 |
---------------+----------+-----
Spellcasting   | 2 3 |  3.3
Conjurations   | 4 |  4.7
Dodging        | |  1.7
Stealth        | |  1.7

Action                     |  1- 3 |  4- 6 || total
---------------------------+-------+-------++-------
  Melee: Unarmed           |    22 |       ||    22
   Cast: Magic Dart        |    85 |    27 ||   112
         Searing Ray       |       |     1 ||     1
 Armour: Robe              |    10 |       ||    10
  Dodge: Dodged            |    29 |     2 ||    31
